mortar pit vs ddl

Match 19292803
End
Pioneer Squad
Selects Italian Coastal Battlegroup
Selects Coastal Reserves
Coastal Reserve
Construct Infanterie Kompanie
MG 42 Machine Gun Team
MG 42 Machine Gun Team
Coastal Reserve
Construct Luftwaffe Kompanie
Jäger Squad
Selects Designate Defensive Line
Designate Defensive Line
Flak 30 Anti-aircraft Gun Team
Support Elements
Selects Artillery Officer
Wirbelwind Flakpanzer
Selects Coastal Wall
Wirbelwind Flakpanzer
Jäger Squad
Artillery Officer
Wirbelwind Flakpanzer
Wirbelwind Flakpanzer
Selects Rapid Fortifications
Selects Bulwark
Construct Panzergrenadier Kompanie
Wirbelwind Flakpanzer
Medical Bunker
Marder III M Tank Destroyer
Marder III M Tank Destroyer
Rei
Havoc
0
0

Comments sign in to comment!

No comments posted yet!